 Dungeon Crawl Stone Soup version 0.28.0-1-gb440e238dd (webtiles) character file.

Game seed: 13262325706064295095

795 jfcaron the Chucker (level 8, -1/48 HPs)
             Began as a Kobold Hunter on Feb 27, 2022.
             Was a Believer of Okawaru.
             Slain by an orc (5 damage)
             ... on level 5 of the Dungeon.
             The game lasted 00:12:17 (5980 turns).

jfcaron the Chucker (Kobold Hunter)                 Turns: 5980, Time: 00:12:18

Health: -1/48      AC: 38    Str: 12    XL:     8   Next: 13%
Magic:  9/11       EV: 10    Int: 18    God:    Okawaru [**....]
Gold:   211        SH:  0    Dex: 15    Spells: 7/7 levels left

rFire   . . .      SeeInvis .   i - +0 rapier (protect)
rCold   . . .      Faith    .   (no shield)
rNeg    . . .      Spirit   .   r - +18 Lear's hauberk
rPois   .          Reflect  .   (helmet currently unavailable)
rElec   .          Harm     .   (no cloak)
rCorr   .          Rampage  .   (gloves currently unavailable)
Will    .....                   (boots currently unavailable)
Stlth   ++........              (no amulet)
HPRegen 0.16/turn               g - +4 ring of protection
MPRegen 0.12/turn               h - +6 ring of intelligence

@: heroic, under a protective aura
A: small, no large weapons, nightstalker 3
a: Renounce Religion, Heroism


You were on level 5 of the Dungeon.
You worshipped Okawaru.
Okawaru was pleased with you.
You visited 1 branch of the dungeon, and saw 5 of its levels.

You collected 211 gold pieces.

Inventory:

Hand Weapons
 a - a +0 short sword
 e - a +0 dagger
 i - a +0 rapier of protection (weapon)
 p - a +1 morningstar of protection
 q - a +0 vorpal war axe
Missiles
 c - 11 boomerangs (quivered)
 d - 35 sling bullets
 k - 34 arrows
 n - 102 stones
 s - 6 poisoned darts
Armour
 b - a +0 leather armour
 f - a +0 ring mail
 r - the +18 Lear's hauberk (worn)
   (You took it off a hobgoblin on level 3 of the Dungeon)
Jewellery
 g - a +4 ring of protection (left hand)
 h - a +6 ring of intelligence (right hand)
Scrolls
 j - a scroll of immolation
 v - a scroll of enchant armour {unknown}
Potions
 t - a potion of might {unknown}


   Skills:
 + Level 4.9(9.9) Fighting
 + Level 5.2(10.2) Short Blades
 + Level 6.3(11.3) Throwing
 - Level 3.0(8.0) Dodging
 - Level 2.6(7.6) Stealth
 + Level 4.0 Invocations


You had 7 spell levels left.
You didn't know any spells.
Your spell library contained the following spells:

 Spells                   Type           Power      Damage    Failure   Level
 Gell's Gravitas          Tloc           0%         N/A       100%        3
 Teleport Other           Tloc           0%         N/A       100%        3
 Dispersal                Tloc           0%         N/A       100%        6
 Eringya's Noxious Bog    Tmut/Pois      0%         N/A       100%        6
 Summon Forest            Summ/Tloc      Unusable   N/A       N/A         5
 Summon Hydra             Summ           Unusable   N/A       N/A         7

Dungeon Overview and Level Annotations

Branches:
Dungeon (5/15)             Temple (0/1) D:4

Altars:
Cheibriados
Okawaru
Trog
Vehumet


Innate Abilities, Weirdness & Mutations

You are small and have problems with some larger weapons.
You are completely attuned to the shadows.


Message History

The orc priest mumbles some strange prayers to Beogh against you.
Beogh smites you!
* * * LOW HITPOINT WARNING * * *
The orc wizard hits you but does no damage.
Okay, then.
You feel better. The orc priest closely misses you.
The orc priest barely misses you. The orc wizard barely misses you.
You hit the orc priest.
The orc priest is almost dead.
The orc priest hits you but does no damage.
You hit the orc priest.
You kill the orc priest!
Okawaru accepts your kill.
The orc wizard hits you but does no damage.
Your Invocations skill increases to level 4!
You closely miss the orc priest. You punch the orc priest.
The orc priest is moderately wounded.
The orc priest hits you but does no damage.
The orc wizard misses you.
You barely miss the orc priest.
The orc priest is moderately wounded.
The orc priest calls down the wrath of Beogh upon you.
Beogh smites you!
* * * LOW HITPOINT WARNING * * *
The orc closely misses you.
Unknown command.
Okay, then.
There are monsters nearby!
It was a potion of cancellation.
You feel magically purged.
The orc wizard hits you but does no damage.
The orc priest closely misses you. The orc hits you but does no damage.
You hit the orc priest.
The orc priest is heavily wounded.
The orc wizard hits you but does no damage.
As you read the scroll labelled HENLON DOER, it crumbles to dust.
You hear a loud clanging noise!
It was a scroll of noise.
The orc priest hits you but does no damage.
The orc hits you with a +0 hand axe.
You die...

#........#
#.#...........#...
.........#
#..#...........#..
.........## #......
.......... ..........#
...... .....###..
.#........### #o....
.....# ##.
##.....#..#.## ##oo...
.....###..
##.....#...#.###.#..#.
..........
##.....#...##.#o###...
..........
...........##..o@##...
..........
.............##..o....
..........
............###......
..........
#....###.............
... ....##
###........... ...
....# ##.....<.....
... ....#
##.....##..... ...
....###....#####....
... ....†#....## #.
...


You could see an orc priest, an orc wizard and an orc.

Vanquished Creatures
  2 sky beasts
  A black bear (D:4)
  An ice beast (D:5)
  A centaur (D:5)
  4 hounds
  An orc priest (D:5)
  An iron imp (D:4)
  A centaur skeleton (D:4)
  An iguana (D:5)
  4 adders
  A shadow imp (D:5)
  An adder skeleton (D:4)
  A worm (D:2)
  2 dart slugs (D:4)
  6 orcs
  4 ball pythons (D:1)
  9 endoplasms
  2 giant cockroaches
  7 goblins
  4 hobgoblins
  7 kobolds
  7 quokkas
  2 bats (D:1)
  4 frilled lizards
  A rat (D:1)
  27 plants (D:4)
102 creatures vanquished.

Notes
Turn   | Place    | Note
-------+----------+-------------------------------------------
     0 | D:1      | jfcaron the Kobold Hunter began the quest for the Orb.
     0 | D:1      | Reached XP level 1. HP: 12/12 MP: 1/1
   347 | D:1      | Reached XP level 2. HP: 12/18 MP: 2/2
   856 | D:1      | Reached skill level 1 in Short Blades
   932 | D:1      | Found a faded altar of an unknown god.
   937 | D:1      | Prayed at the altar of an unknown god.
   937 | D:1      | Became a worshipper of Vehumet
   937 | D:1      | Reached * piety under Vehumet
   937 | D:1      | Offered knowledge of Sandblast by Vehumet.
  1074 | D:1      | Fell from the grace of Vehumet
  1084 | D:1      | Reached XP level 3. HP: 12/22 MP: 3/3
  1111 | D:1      | HP: 1/22 [divine wrath (13)]
  2822 | D:3      | Found an iron altar of Okawaru.
  2831 | D:3      | Became a worshipper of Warmaster Okawaru
  2981 | D:3      | Reached XP level 4. HP: 24/27 MP: 4/4
  3781 | D:4      | Reached skill level 1 in Invocations
  3781 | D:4      | Reached XP level 5. HP: 26/32 MP: 5/5
  3789 | D:4      | Reached skill level 5 in Throwing
  3984 | D:4      | Noticed a black bear
  4008 | D:4      | Killed a black bear
  4009 | D:4      | Reached XP level 6. HP: 15/38 MP: 7/7
  4275 | D:4      | Found a staircase to the Ecumenical Temple.
  4561 | D:4      | Reached * piety under Okawaru
  4666 | D:4      | Noticed a sky beast
  4707 | D:4      | Killed a sky beast
  4708 | D:4      | Reached XP level 7. HP: 35/43 MP: 7/9
  4850 | D:4      | Found a bloodstained altar of Trog.
  5040 | D:4      | Found a snail-covered altar of Cheibriados.
  5231 | D:5      | Entered Level 5 of the Dungeon
  5504 | D:5      | Reached skill level 6 in Throwing
  5663 | D:5      | Reached ** piety under Okawaru
  5729 | D:5      | Reached skill level 5 in Short Blades
  5729 | D:5      | Reached XP level 8. HP: 45/48 MP: 10/10
  5966 | D:5      | HP: 5/48 [orc priest/divine providence (16)]
  5972 | D:5      | HP: 5/48 [orc priest/divine providence (17)]
  5977 | D:5      | HP: 4/48 [orc priest/divine providence (12)]
  5980 | D:5      | Slain by an orc

Illustrated notes

Levels and vault maps discovered:
D:1:      lightli_arrival_boilingwater, layout_basic,
          chequers_ecumenical_altar_grove, serial_glass, glass_columns_a,
          glass_columns_a, glass_columns_b, glass_columns_c, glass_columns_c,
          glass_columns_a
D:2:      layout_loops_ring
D:3:      layout_rooms, mainiacjoe_overflow_24_doors
D:4:      layout_basic, trog_butcher_becter, slow_altar_1,
          minmay_temple_entry_mini_moons, serial_bayou_lagoon_a,
          hangedman_decor_push
D:5:      layout_layer_cave

Skill      XL: |  1  2  3  4  5  6  7  8 |
---------------+-------------------------+-----
Stealth        | 2 |  2.6
Short Blades   | 1 2 3 4 5 |  5.2
Dodging        | 3 |  3.0
Fighting       | 3 4 |  4.9
Invocations    | 1 2 3 4 |  4.0
Throwing       | 5 6 |  6.3

Action                   |  1- 3 |  4- 6 |  7- 9 || total
-------------------------+-------+-------+-------++-------
Melee: Dagger            |    97 |    57 |       ||   154
       Short sword       |     5 |       |       ||     5
       Punch             |     2 |     2 |     2 ||     6
       Rapier            |     5 |    98 |   139 ||   242
Throw: Boomerang         |    33 |    27 |    21 ||    81
       Throwing net      |     2 |     2 |       ||     4
       Dart              |       |     6 |       ||     6
Invok: Renounce Religion |     1 |       |       ||     1
       Heroism           |       |       |     1 ||     1
  Use: Scroll            |       |     3 |     3 ||     6
       Potion            |       |       |     3 ||     3
 Stab: Sleeping          |    10 |       |       ||    10
Armor: Leather armour    |    12 |     6 |       ||    18
       Ring mail         |     4 |       |       ||     4
       Chain mail        |       |   126 |   114 ||   240
Dodge: Dodged            |    76 |    87 |    62 ||   225
